 Dungeon Crawl Stone Soup version 0.27.1 (webtiles) character file.

Game seed: 12216868142443538825

14606 MacCMillion the Nimble (level 12, 0/97 HPs)
             Began as a Merfolk Ice Elementalist on Aug 22, 2021.
             Was a Priest of Makhleb.
             Killed from afar by a manticore (19 damage)
             ... with a volley of spikes
             ... on level 11 of the Dungeon.
             The game lasted 01:13:42 (16706 turns).

MacCMillion the Nimble (Merfolk Ice Elementalist)  Turns: 16706, Time: 01:13:43

Health: 0/97       AC: 10    Str: 12    XL:     12   Next: 18%
Magic:  17/17      EV: 32    Int: 19    God:    Makhleb [***...]
Gold:   115        SH:  0    Dex: 21    Spells: 10/17 levels left

rFire    x . .     SeeInvis .   b - +2 dagger (holy)
rCold    + + .     Faith    .   (no shield)
rNeg     . . .     Spirit   .   k - +0 ring mail {rPois}
rPois    +         Reflect  .   N - +1 helmet {Int+3}
rElec    .         Harm     .   (no cloak)
rCorr    +         Rampage  .   (no gloves)
Will     .....                  F - +2 pair of boots
Stlth    +.........             v - amulet of the acrobat
HPRegen  0.26/turn              y - ring "Muheqac" {rC+ rCorr Dex+7}
MPRegen  0.15/turn              r - ring of ice

@: confused, ambrosia-drunk, spiked, acrobatic
A: (nimble swimmer 2), mertail
a: Renounce Religion, Minor Destruction, Lesser Servant of Makhleb


You were on level 11 of the Dungeon.
You worshipped Makhleb.
Makhleb was most pleased with you.
You visited 2 branches of the dungeon, and saw 13 of its levels.

You collected 733 gold pieces.
You spent 618 gold pieces at shops.

Inventory:

Hand Weapons
 a - a +1 quick blade
 b - a +2 dagger of holy wrath (weapon)
 l - a +4 dagger of chaos
 K - a +0 trident
Missiles
 s - 30 poisoned darts
 I - a throwing net
Armour
 c - a +2 leather armour of cold resistance
 i - a +0 kite shield
 k - a +0 ring mail of poison resistance (worn)
 z - a +2 leather armour of fire resistance
 F - a +2 pair of boots (worn)
 N - a +1 helmet of intelligence (worn)
Jewellery
 r - a ring of ice (right hand)
 v - an amulet of the acrobat (around neck)
 y - the ring "Muheqac" (left hand) {rC+ rCorr Dex+7}
   (You found it on level 6 of the Dungeon)

   [ring of protection from cold]

   Dex:       It affects your dexterity (+7).
   rC:        It protects you from cold.
   rCorr:     It protects you from acid and corrosion.
 C - a ring of protection from cold
 D - an amulet of guardian spirit
 H - a ring of see invisible
Wands
 u - a wand of charming (12)
 E - a wand of iceblast (18)
 G - a wand of mindburst (47)
 O - a wand of paralysis (7)
Scrolls
 e - a scroll of holy word {unknown}
 f - 4 scrolls of teleportation
 g - a scroll of blinking
 h - a scroll of noise
 j - 2 scrolls of immolation {unknown}
 m - a scroll of summoning {unknown}
 q - 2 scrolls of identify
 t - 3 scrolls of amnesia
 A - 2 scrolls of acquirement {unknown}
 B - 3 scrolls of magic mapping
 J - a scroll of fog
Potions
 d - a potion of flight {unknown}
 n - 4 potions of invisibility
 o - a potion of curing
 p - 4 potions of mutation
 w - a potion of ambrosia
 x - a potion of attraction {unknown}
 M - a potion of magic {unknown}


   Skills:
 - Level 10.0 Fighting
 - Level 8.0 Short Blades
 - Level 6.4 Polearms
 - Level 3.0 Armour
 + Level 10.8 Dodging
 - Level 7.0 Stealth
 - Level 4.0 Shields
 - Level 3.0 Spellcasting
 - Level 9.0 Ice Magic
 - Level 7.0 Invocations


You had 10 spell levels left.
You knew the following spells:

 Your Spells              Type           Power      Damage    Failure   Level
a - Freeze                Ice            100%       1d11      1%          1
b - Frozen Ramparts       Ice            100%       1d12      2%          3
c - Ozocubu's Armour      Ice            53%        N/A       2%          3

Your spell library contained the following spells:

 Spells                   Type           Power      Damage    Failure   Level
 Pain                     Necr           8%         1d4       32%         1
 Hailstorm                Conj/Ice       29%        3d8       45%         4
 Agony                    Necr           2%         N/A       100%        5
 Excruciating Wounds      Necr           1%         N/A       100%        5


Dungeon Overview and Level Annotations

Branches:
Dungeon (12/15)            Temple (0/1) D:6            Lair (1/6) D:10
    Orc (0/2) D:12

Altars:
Ashenzari
Cheibriados
Fedhas
Hepliaklqana
Makhleb
Okawaru
Qazlal
Ru
Sif Muna
Trog
Xom
Yredelemnul

Shops:
D:3 !*[?:   D:5 [[[?(   D:10 *   D:11 =*

Annotations:
D:5 exclusion: phantom
D:7 1 runed translucent door, Crazy Yiuf
D:11 Erolcha
D:12 exclusion: door
Lair:1 Grum


Innate Abilities, Weirdness & Mutations

((You are quick and stealthy near water. (Stealth+, EV+, Speed+++)))
Your lower body shifts to a powerful aquatic tail in water.


Message History

Okay, then.
You climb upwards.
Level annotation: Erolcha
There is a stone staircase leading down here.
You start resting.
A yak is nearby!
A demon appears!
You can no longer hurl Makhleb's greater destruction.
Okay, then.
A demon appears!
The yak barely misses your orange demon.
The manticore flicks its tail.
The volley of spikes hits you!
The barbed spikes become lodged in your body.
* * * LOW HITPOINT WARNING * * *
You feel better. The yak gores your orange demon!
The manticore flicks its tail.
The volley of spikes hits you.
The barbed spikes become lodged in your body.
* * * LOW HITPOINT WARNING * * *
Your orange demon stings the yak but does no damage.
Your orange demon hits the yak.
The yak looks weaker.
You are confused.
You feel invigorated.
Your smoke demon gestures at the yak.
The yak is smitten.
The yak gores your orange demon. x2
The manticore flicks its tail.
The volley of spikes hits you!
The barbed spikes become lodged in your body.
* * * LOW HITPOINT WARNING * * *
Your orange demon stings the yak!
Your orange demon hits the yak.
Your smoke demon barely misses the yak.
Your smoke demon closely misses the yak.
Your smoke demon hits the yak but does no damage.
The yak barely misses your orange demon.
The yak gores your smoke demon.
The manticore flicks its tail.
The volley of spikes hits you!!
The barbed spikes become lodged in your body.
You die...

#.........###.................,,,
#.#<#.#######..........#..T##.,,*
............#...Y....##......,,,,
...#........#..>.$...#........,,,
..##................H.......$.,,,
.###........#...YY$.....,,,,,,,,,
8# #........#..34Y...#*,,,,,,,,,,
.# #........#........#**,,,**,,,*
<###†.......#...@.>..# **********
....†.......##########
∩.########### ..# 8.# ..# ###


You could see a manticore, 4 yaks, a friendly orange demon (summoned) and a
friendly smoke demon (summoned).

Vanquished Creatures
  2 boulder beetles
  A hydra (D:12)
  A two-headed ogre (D:10)
  A wizard (D:12)
  A manticore (D:12)
  An ugly thing (D:12)
  A komodo dragon (D:12)
  3 trolls
  A hornet (D:10)
  2 wyverns
  15 yaks
  A steam dragon (D:9)
  2 wraiths
  6 vampire mosquitoes
  3 water moccasins
  Duvessa (D:7)
  4 large abominations (D:12)
  2 orc warriors
  2 ice beasts
  3 sky beasts
  2 necrophages (D:7)
  4 centaurs
  A wolf (D:10)
  2 ogres
  Blork the orc (D:5)
  A bullfrog (D:9)
  A wyvern zombie (D:7)
  2 scorpions
  Dowan (D:7)
  4 crimson imps (D:6)
  2 centaur zombies
  6 small abominations (D:12)
  6 orc priests
  A gnoll shaman (D:7)
  A hound (D:7)
  3 jellies
  2 iguanas (D:5)
  10 orc wizards
  A killer bee zombie (D:6)
  2 hound skeletons (D:4)
  4 adders
  5 gnolls (D:7)
  A white imp (D:8)
  An ufetubus (D:7)
  2 worms
  A dart slug (D:1)
  27 orcs
  7 bats
  7 endoplasms
  5 giant cockroaches
  5 goblins
  10 hobgoblins
  7 jackals (D:1)
  9 quokkas
  7 ball pythons
  3 frilled lizards
  7 kobolds
  8 rats
222 creatures vanquished.

Vanquished Creatures (collateral kills)
  Fannar (D:11)
  A large abomination (D:12)
  A gargoyle (D:10)
  A small abomination (D:12)
  A phantom (D:5)
  An orc (D:8)
6 creatures vanquished.

Vanquished Creatures (others)
  9 plants (D:4)
9 creatures vanquished.

Grand Total: 237 creatures vanquished

Notes
Turn   | Place    | Note
-------+----------+-------------------------------------------
     0 | D:1      | MacCMillion the Merfolk Ice Elementalist began the quest
                  | for the Orb.
     0 | D:1      | Reached XP level 1. HP: 13/13 MP: 3/3
   151 | D:1      | Reached XP level 2. HP: 19/19 MP: 3/5
   303 | D:1      | Found a faded altar of an unknown god.
   308 | D:1      | Became a worshipper of Makhleb the Destroyer
   308 | D:1      | Reached * piety under Makhleb
   663 | D:1      | Reached skill level 5 in Ice Magic
   663 | D:1      | Reached XP level 3. HP: 24/24 MP: 4/6
   945 | D:1      | Learned a level 3 spell: Frozen Ramparts
  1327 | D:2      | Reached ** piety under Makhleb
  1540 | D:2      | Reached XP level 4. HP: 26/30 MP: 2/7
  1544 | D:2      | Learned a level 3 spell: Ozocubu's Armour
  2365 | D:3      | Found Yciaki Toyr's Antique Armour Shoppe.
  2473 | D:3      | Found Ruuciati's Book Shop.
  2751 | D:3      | Found Hexut's Assorted Antiques.
  2764 | D:3      | Reached XP level 5. HP: 35/35 MP: 8/8
  2873 | D:3      | Found Uthracho's Distillery.
  3014 | D:3      | Found Seshruk's Magic Scroll Emporium.
  3020 | D:3      | Bought a scroll of identify for 26 gold pieces
  3122 | D:3      | Bought a potion of heal wounds for 50 gold pieces
  3122 | D:3      | Bought a potion of curing for 30 gold pieces
  3585 | D:4      | Found a blossoming altar of Fedhas.
  3647 | D:4      | Reached skill level 1 in Polearms
  3647 | D:4      | Reached XP level 6. HP: 17/41 MP: 8/10
  4327 | D:4      | Reached *** piety under Makhleb
  4583 | D:5      | Entered Level 5 of the Dungeon
  4760 | D:5      | Reached XP level 7. HP: 46/46 MP: 8/11
  4792 | D:5      | Reached skill level 5 in Polearms
  4926 | D:5      | Found Ceffoopp's Magic Scroll Shoppe.
  4926 | D:5      | Found Cegi Fei's Armour Shop.
  4928 | D:5      | Found Yruumaci's Armour Boutique.
  4941 | D:5      | Found Mase's Weapon Shoppe.
  4941 | D:5      | Found Liekhlifi's Armour Shop.
  5269 | D:5      | Reached skill level 1 in Fighting
  5518 | D:5      | Found a sacrificial altar of Ru.
  5604 | D:5      | Reached skill level 1 in Invocations
  5755 | D:5      | Noticed Blork the orc
  5766 | D:5      | Killed Blork the orc
  5767 | D:5      | Reached XP level 8. HP: 60/60 MP: 8/12
  5944 | D:6      | Identified the ring "Muheqac" {rC+ rCorr Dex+7}
  6298 | D:3      | Bought a dyed leather armour for 140 gold pieces
  6976 | D:6      | Reached skill level 5 in Fighting
  7061 | D:6      | Found a bloodstained altar of Trog.
  7138 | D:6      | Found a shimmering altar of Xom.
  7377 | D:6      | Reached skill level 1 in Short Blades
  7409 | D:6      | Found a staircase to the Ecumenical Temple.
  7662 | D:7      | Reached skill level 5 in Invocations
  7776 | D:7      | Reached XP level 9. HP: 68/68 MP: 6/13
  7866 | D:7      | Found a runed translucent door.
  7867 | D:7      | Noticed Crazy Yiuf
  7892 | D:7      | Reached skill level 5 in Short Blades
  8246 | D:7      | Noticed Duvessa
  8248 | D:7      | Noticed Dowan
  8256 | D:7      | Killed Duvessa
  8257 | D:7      | Reached skill level 5 in Stealth
  8257 | D:7      | Killed Dowan
  8900 | D:8      | Found an iron altar of Okawaru.
  9206 | D:8      | Reached **** piety under Makhleb
  9480 | D:8      | Reached skill level 1 in Armour
 10076 | D:9      | Identified the +5 short sword "Oqaticoawn" {vorpal, Dex+3}
 10270 | D:9      | Reached skill level 5 in Dodging
 10270 | D:9      | Reached XP level 10. HP: 61/77 MP: 2/14
 11179 | D:3      | Bought a potion of curing for 30 gold pieces
 11886 | D:3      | Bought a scratched agate ring for 125 gold pieces
 12236 | D:10     | Entered Level 10 of the Dungeon
 12831 | D:10     | Found a snail-covered altar of Cheibriados.
 12840 | D:10     | Found a staircase to the Lair.
 12878 | D:10     | Found a stormy altar of Qazlal.
 12925 | D:10     | Noticed a gargoyle
 12931 | D:10     | Killed a gargoyle
 13035 | D:10     | Found a hazy altar of Hepliaklqana.
 13088 | D:10     | Found a broken altar of Ashenzari.
 13171 | D:10     | Found a basalt altar of Yredelemnul.
 13195 | D:10     | Found Coumnum's Lightly-Used Armoury.
 13231 | D:10     | Found a shimmering blue altar of Sif Muna.
 13343 | D:10     | Noticed a two-headed ogre
 13592 | D:3      | Bought a scroll of enchant weapon for 97 gold pieces
 13744 | D:10     | Bought a -1 quick blade for 120 gold pieces
 13995 | D:10     | Killed a two-headed ogre
 13996 | D:10     | Reached XP level 11. HP: 55/87 MP: 3/15
 14168 | Lair:1   | Entered Level 1 of the Lair of Beasts
 14168 | Lair:1   | Noticed Grum
 14237 | D:11     | Found Hafo's Jewellery Shop.
 14238 | D:11     | Noticed a boulder beetle
 14278 | D:11     | Killed a boulder beetle
 14391 | D:11     | Noticed Fannar
 14418 | D:11     | Killed Fannar
 14613 | D:11     | Found Ijera's General Store.
 14734 | D:11     | Noticed a manticore
 14762 | D:11     | Noticed Erolcha
 14766 | D:12     | Found a staircase to the Orcish Mines.
 15092 | D:12     | Noticed a green ugly thing
 15107 | D:12     | Killed a green ugly thing
 15414 | D:12     | Noticed a boulder beetle
 15428 | D:12     | Killed a boulder beetle
 15429 | D:12     | Reached skill level 1 in Shields
 15626 | D:12     | Noticed a manticore
 15635 | D:12     | Killed a manticore
 15714 | D:12     | Noticed a five-headed hydra
 15731 | D:12     | Killed a five-headed hydra
 16240 | D:12     | Noticed a wizard
 16248 | D:12     | Killed a wizard
 16251 | D:12     | Noticed a large abomination
 16251 | D:12     | Noticed a large abomination
 16251 | D:12     | Noticed a large abomination
 16257 | D:12     | Reached skill level 10 in Fighting
 16259 | D:12     | Reached XP level 12. HP: 92/97 MP: 10/17
 16265 | D:12     | Reached skill level 10 in Dodging
 16658 | D:12     | Noticed an eight-headed hydra
 16706 | D:11     | Killed from afar by a manticore

Illustrated notes

Levels and vault maps discovered:
D:1:      erik_arrival_orb_chamber, layout_basic,
          hellmonk_ecumenical_altar_heavens_door
D:2:      layout_loops_cross, minmay_3d_cube
D:3:      layout_loops_ring, serial_shops,
          nicolae_shop_temple_entry_statues_fountains, nicolae_shop_trees, shop,
          shop, nicolae_shop_stone
D:4:      wad_woods_stonehenge, layout_basic
D:5:      layout_basic, kennysheep_little_box, nicolae_wooded_promenade,
          uniq_blork_the_orc
D:6:      layout_basic, marbit_many_paths, led_xom_imps,
          minmay_temple_entry_antechambers, minmay_misc_feat_iff
D:7:      layout_basic, uniq_crazy_yiuf_cottage, uniq_duvessa
D:8:      layout_cave_pools, mainiacjoe_overflow_24_doors
D:9:      layout_irregular_city
D:10:     minmay_spotlight, layout_cave_pools, mainiacjoe_overflow_boulevard,
          evilmike_ruin_ashenzari, nicolae_hepliaklqana_hippocampus,
          general_overflow_altar, mainiacjoe_overflow_catwalk,
          lemuel_blue_sif_altar, minmay_shop_damaged, serial_park_tiny_2
D:11:     layout_rooms, serial_shops, shop, shop_statue, nicolae_square_shop,
          uniq_fannar, uniq_erolcha
D:12:     layout_roguey, orc_0_dummy, laboratory
Lair:1:   layout_loops_ring, wad_woods_03, uniq_grum, uniq_harold

Skill      XL: |  1  2  3  4  5  6  7  8  9 10 11 12 |
---------------+-------------------------------------+-----
Dodging        | 3 5 8 9 10 | 10.8
Ice Magic      | 5 6 7 9 |  9.0
Stealth        | 3 4 6 7 |  7.0
Polearms       | 1 4 6 |  6.4
Spellcasting   | 3 |  3.0
Fighting       | 3 5 6 8 10 | 10.0
Invocations    | 1 5 7 |  7.0
Short Blades   | 4 6 8 |  8.0
Armour         | 1 3 |  3.0
Shields        | 2 4 |  4.0

Action                   |  1- 3 |  4- 6 |  7- 9 | 10-12 || total
-------------------------+-------+-------+-------+-------++-------
Melee: Dagger            |    40 |    38 |    95 |   169 ||   342
       Trident           |       |    52 |    74 |       ||   126
       Quick blade       |       |       |       |   139 ||   139
 Cast: Freeze            |    50 |    42 |    46 |    60 ||   198
       Frozen Ramparts   |       |     9 |    26 |    30 ||    65
       Ozocubu's Armour  |       |     2 |    29 |    24 ||    55
Invok: Lesser Servant of |       |       |     2 |     7 ||     9
       Minor Destruction |       |       |    11 |     6 ||    17
  Use: Scroll            |       |     3 |     7 |     4 ||    14
       Potion            |       |       |     5 |     7 ||    12
 Stab: Sleeping          |     3 |    12 |     6 |     8 ||    29
       Distracted        |       |       |     1 |       ||     1
       Paralysed         |       |       |       |     1 ||     1
Armor: Robe              |    15 |    35 |     5 |       ||    55
       Leather armour    |       |       |    73 |    39 ||   112
       Ring mail         |       |       |       |    40 ||    40
Dodge: Dodged            |    85 |    71 |   131 |   241 ||   528
